[ AOE2 MATCH · #505621383 ]
UnrankedSpanish vs Poles
Player's team · LOSS
Rival team · WIN
[ REPLAY ANALYSIS · EXTRACTED FROM THE RECORDED GAME ]
Feudal
8:57
Castle
23:46
Imperial
40:35
| APM avg | 59.5 |
| APM peak | 117 |
| eAPM avg | 33.3 |
| Villagers / military | 165 / 46 |
Focus
⚔️ 36.9% · 🌾 63.1%
Spearman ×14 · Archer ×13 · Mangonel ×6 · Knight ×5 · Militia ×4 · Monk ×2
Feudal
10:31
Castle
21:43
Imperial
38:08
| APM avg | 66.9 |
| APM peak | 113 |
| eAPM avg | 33.9 |
| Villagers / military | 138 / 131 |
Focus
⚔️ 42.6% · 🌾 57.4%
Archer ×66 · Knight ×46 · Militia ×7 · Skirmisher ×6 · Trebuchet (Packed) ×4 · Monk ×1
Match map
Initial resources + every placement click. Lines = walls · curves = elevation contours. ◆ gold · ⬟ stone · ● berries · ✦ relic · ◌ wall gap
Your base· Open — 8t gap
不想再玩AOE了's base· Open — unwalled flank
Smoothed initial terrain · ◌ = detected wall gap · hover for details
Inputs per minute
— Pirate - - 不想再玩AOE了
Build order — Pirate
First 150 of 393 actions detected
| 0:00 | Queue | Villager (Male) |
| 0:01 | Build | House |
| 0:03 | Build | House |
| 0:05 | Queue | Villager (Male) |
| 0:05 | Queue | Villager (Male) |
| 0:18 | Queue | Villager (Male) |
| 1:25 | Queue | Villager (Male) |
| 2:01 | Queue | Villager (Male) |
| 2:01 | Queue | Villager (Male) |
| 2:02 | Build | Lumber Camp |
| 2:26 | Queue | Villager (Male) |
| 2:27 | Queue | Villager (Male) |
| 2:52 | Queue | Villager (Male) |
| 3:12 | Queue | Villager (Male) |
| 3:13 | Queue | Villager (Male) |
| 3:33 | Build | House |
| 3:42 | Queue | Villager (Male) |
| 3:42 | Queue | Villager (Male) |
| 4:06 | Queue | Villager (Male) |
| 4:06 | Queue | Villager (Male) |
| 4:06 | Queue | Villager (Male) |
| 4:24 | Queue | Villager (Male) |
| 4:30 | Queue | Villager (Male) |
| 4:57 | Queue | Villager (Male) |
| 4:57 | Queue | Villager (Male) |
| 5:04 | Build | Barracks |
| 5:11 | Build | Barracks |
| 5:32 | Build | House |
| 5:50 | Build | House |
| 6:13 | Research | Loom |
| 6:47 | Research | Feudal Age |
| 6:47 | Research | Feudal Age |
| 6:54 | Build | Mining Camp |
| 7:16 | Queue | Militia |
| 7:33 | Queue | Militia |
| 7:34 | Queue | Militia |
| 7:38 | Build | Palisade Wall |
| 7:42 | Build | Palisade Wall |
| 7:48 | Queue | Militia |
| 7:59 | Build | Palisade Wall |
| 8:02 | Build | Palisade Wall |
| 8:03 | Build | Palisade Wall |
| 8:06 | Build | Palisade Wall |
| 8:07 | Build | Palisade Wall |
| 8:10 | Build | Palisade Wall |
| 8:13 | Build | Palisade Wall |
| 8:35 | Queue | Villager (Male) |
| 8:37 | Build | House |
| 8:51 | Build | Palisade Wall |
| 8:56 | Queue | Villager (Male) |
| 8:57 | Age | Feudal Age |
| 9:08 | Research | Man-at-Arms (upgrade) |
| 9:08 | Research | Man-at-Arms (upgrade) |
| 9:11 | Build | Archery Range |
| 9:34 | Queue | Villager (Male) |
| 9:39 | Build | House |
| 9:54 | Build | House |
| 9:58 | Build | Palisade Gate |
| 10:07 | Queue | Archer |
| 10:07 | Queue | Archer |
| 10:07 | Queue | Archer |
| 10:32 | Build | Mill |
| 10:38 | Queue | Villager (Male) |
| 10:39 | Queue | Villager (Male) |
| 10:39 | Queue | Villager (Male) |
| 10:42 | Build | Palisade Wall |
| 10:45 | Build | Palisade Wall |
| 10:47 | Build | Palisade Wall |
| 10:53 | Build | House |
| 11:01 | Queue | Archer |
| 11:04 | Build | Farm |
| 11:08 | Queue | Villager (Male) |
| 11:09 | Queue | Villager (Male) |
| 11:31 | Queue | Villager (Male) |
| 11:34 | Build | Farm |
| 11:36 | Build | Farm |
| 11:56 | Queue | Archer |
| 11:57 | Queue | Villager (Male) |
| 12:11 | Build | Farm |
| 12:37 | Queue | Villager (Male) |
| 12:47 | Queue | Villager (Male) |
| 12:54 | Build | House |
| 13:05 | Queue | Villager (Male) |
| 13:08 | Build | Blacksmith |
| 13:15 | Queue | Villager (Male) |
| 13:29 | Build | Palisade Wall |
| 13:34 | Queue | Villager (Male) |
| 13:38 | Queue | Archer |
| 13:40 | Build | Farm |
| 13:43 | Research | Fletching |
| 13:43 | Research | Fletching |
| 13:50 | Queue | Villager (Male) |
| 13:53 | Build | Farm |
| 14:19 | Queue | Archer |
| 14:19 | Queue | Villager (Male) |
| 14:37 | Queue | Archer |
| 14:44 | Queue | Archer |
| 14:45 | Queue | Villager (Male) |
| 14:46 | Build | Farm |
| 14:55 | Queue | Archer |
| 15:13 | Queue | Villager (Male) |
| 15:14 | Queue | Villager (Male) |
| 15:17 | Build | Farm |
| 15:17 | Build | Farm |
| 15:18 | Queue | Villager (Male) |
| 15:41 | Build | Farm |
| 15:42 | Build | Farm |
| 15:47 | Build | House |
| 15:48 | Build | House |
| 16:15 | Queue | Archer |
| 16:17 | Queue | Villager (Male) |
| 16:20 | Build | House |
| 16:21 | Build | Palisade Wall |
| 16:40 | Queue | Villager (Male) |
| 16:49 | Queue | Archer |
| 17:30 | Research | Town Watch |
| 17:37 | Queue | Archer |
| 17:37 | Queue | Villager (Male) |
| 17:38 | Queue | Villager (Male) |
| 17:54 | Queue | Villager (Male) |
| 18:01 | Build | House |
| 18:04 | Build | Palisade Gate |
| 18:09 | Build | House |
| 18:09 | Build | Palisade Wall |
| 18:12 | Research | Double-Bit Axe |
| 18:13 | Research | Horse Collar |
| 18:15 | Queue | Villager (Male) |
| 18:35 | Build | House |
| 18:36 | Build | Palisade Wall |
| 18:41 | Build | Palisade Wall |
| 18:48 | Queue | Villager (Male) |
| 19:04 | Queue | Villager (Male) |
| 19:25 | Build | Mining Camp |
| 19:54 | Queue | Villager (Male) |
| 19:57 | Build | House |
| 20:59 | Build | House |
| 21:05 | Build | Farm |
| 21:06 | Build | Farm |
| 21:06 | Research | Castle Age |
| 21:07 | Research | Castle Age |
| 21:10 | Build | Watch Tower |
| 21:12 | Build | Watch Tower |
| 21:16 | Build | House |
| 21:17 | Build | House |
| 21:23 | Build | House |
| 21:56 | Build | Watch Tower |
| 22:18 | Build | Farm |
| 22:21 | Build | Farm |
| 22:26 | Build | Farm |
| 22:57 | Queue | Villager (Male) |
Build order — 不想再玩AOE了
First 150 of 514 actions detected
| 0:00 | Queue | Villager (Male) |
| 0:01 | Queue | Villager (Male) |
| 0:02 | Build | House |
| 0:02 | Build | House |
| 0:09 | Queue | Villager (Male) |
| 0:09 | Queue | Villager (Male) |
| 0:09 | Queue | Villager (Male) |
| 0:09 | Queue | Villager (Male) |
| 1:24 | Queue | Villager (Male) |
| 1:24 | Queue | Villager (Male) |
| 1:44 | Queue | Villager (Male) |
| 2:15 | Build | Lumber Camp |
| 2:19 | Queue | Villager (Male) |
| 2:20 | Queue | Villager (Male) |
| 2:41 | Queue | Villager (Male) |
| 3:07 | Queue | Villager (Male) |
| 3:27 | Queue | Villager (Male) |
| 3:27 | Queue | Villager (Male) |
| 3:53 | Build | House |
| 3:58 | Queue | Villager (Male) |
| 3:59 | Queue | Villager (Male) |
| 4:31 | Queue | Villager (Male) |
| 4:52 | Build | Barracks |
| 4:53 | Queue | Villager (Male) |
| 5:10 | Queue | Villager (Male) |
| 5:22 | Build | House |
| 5:40 | Queue | Militia |
| 5:40 | Queue | Militia |
| 5:44 | Queue | Villager (Male) |
| 6:09 | Build | Mill |
| 6:25 | Queue | Villager (Male) |
| 6:47 | Queue | Villager (Male) |
| 7:10 | Queue | Villager (Male) |
| 7:20 | Research | Loom |
| 8:09 | Research | Feudal Age |
| 8:09 | Research | Feudal Age |
| 8:46 | Build | Palisade Wall |
| 8:48 | Build | Palisade Wall |
| 8:49 | Build | Palisade Wall |
| 8:50 | Build | Palisade Wall |
| 8:58 | Build | Palisade Wall |
| 9:00 | Build | Palisade Wall |
| 9:01 | Build | Palisade Wall |
| 9:09 | Build | Mining Camp |
| 9:25 | Build | Palisade Wall |
| 9:31 | Build | House |
| 9:33 | Build | Palisade Wall |
| 9:34 | Build | Palisade Wall |
| 9:37 | Build | Palisade Wall |
| 9:45 | Queue | Militia |
| 9:46 | Queue | Militia |
| 9:57 | Build | Mill |
| 10:01 | Build | Mill |
| 10:08 | Queue | Militia |
| 10:23 | Build | Farm |
| 10:30 | Build | Farm |
| 10:31 | Age | Feudal Age |
| 10:33 | Research | Man-at-Arms (upgrade) |
| 10:33 | Research | Man-at-Arms (upgrade) |
| 10:43 | Queue | Villager (Male) |
| 10:46 | Build | Archery Range |
| 10:48 | Build | Farm |
| 11:01 | Build | Palisade Wall |
| 11:05 | Queue | Villager (Male) |
| 11:28 | Queue | Archer |
| 11:30 | Queue | Villager (Male) |
| 11:32 | Build | House |
| 11:37 | Build | Farm |
| 11:39 | Queue | Archer |
| 11:55 | Queue | Villager (Male) |
| 12:04 | Build | House |
| 12:12 | Queue | Militia |
| 12:20 | Queue | Villager (Male) |
| 12:33 | Queue | Archer |
| 12:38 | Build | Mill |
| 12:40 | Queue | Villager (Male) |
| 12:59 | Queue | Villager (Male) |
| 13:09 | Build | Farm |
| 13:10 | Build | Farm |
| 13:17 | Queue | Archer |
| 13:30 | Build | Farm |
| 13:31 | Queue | Villager (Male) |
| 13:44 | Queue | Archer |
| 13:48 | Queue | Villager (Male) |
| 13:56 | Build | House |
| 14:06 | Build | Farm |
| 14:07 | Queue | Villager (Male) |
| 14:16 | Queue | Archer |
| 14:19 | Queue | Villager (Male) |
| 14:43 | Queue | Villager (Male) |
| 14:50 | Build | Blacksmith |
| 14:53 | Queue | Archer |
| 14:56 | Queue | Villager (Male) |
| 15:11 | Queue | Militia |
| 15:20 | Build | Farm |
| 15:25 | Build | House |
| 15:34 | Research | Wheelbarrow |
| 15:35 | Research | Fletching |
| 15:35 | Research | Fletching |
| 15:37 | Queue | Archer |
| 15:53 | Queue | Villager (Male) |
| 16:06 | Build | House |
| 16:08 | Queue | Archer |
| 16:15 | Build | Farm |
| 16:29 | Research | Padded Archer Armor |
| 16:31 | Build | Farm |
| 16:34 | Build | Farm |
| 16:57 | Queue | Archer |
| 16:59 | Queue | Villager (Male) |
| 17:13 | Queue | Villager (Male) |
| 17:15 | Build | Farm |
| 17:15 | Build | Farm |
| 17:26 | Queue | Archer |
| 17:30 | Queue | Villager (Male) |
| 17:53 | Queue | Archer |
| 17:59 | Queue | Skirmisher |
| 18:00 | Queue | Villager (Male) |
| 18:16 | Build | Farm |
| 18:16 | Build | Farm |
| 18:17 | Build | Farm |
| 18:29 | Queue | Skirmisher |
| 18:31 | Queue | Villager (Male) |
| 18:45 | Build | Farm |
| 18:53 | Build | Farm |
| 19:00 | Research | Castle Age |
| 19:01 | Queue | Skirmisher |
| 19:17 | Build | Palisade Wall |
| 19:19 | Queue | Skirmisher |
| 19:27 | Build | Palisade Wall |
| 19:36 | Queue | Skirmisher |
| 19:55 | Queue | Skirmisher |
| 20:08 | Queue | Archer |
| 20:11 | Build | Archery Range |
| 20:29 | Build | Farm |
| 20:30 | Build | Farm |
| 20:47 | Queue | Archer |
| 20:48 | Queue | Villager (Male) |
| 21:00 | Queue | Archer |
| 21:04 | Build | House |
| 21:07 | Queue | Archer |
| 21:11 | Queue | Archer |
| 21:37 | Build | Farm |
| 21:40 | Research | Double-Bit Axe |
| 21:43 | Queue | Archer |
| 21:43 | Age | Castle Age |
| 21:50 | Research | Crossbowman (upgrade) |
| 21:50 | Research | Bodkin Arrow |
| 21:50 | Research | Bodkin Arrow |
| 21:51 | Research | Bodkin Arrow |
| 21:53 | Queue | Villager (Male) |
Match timeline
| 4:52 | 不想再玩AOE了 · first_building Barracks |
| 5:04 | Pirate · first_building Barracks |
| 7:38 | Pirate · wall_segment Palisade Wall x1 |
| 7:42 | Pirate · wall_segment Palisade Wall x1 |
| 7:59 | Pirate · wall_segment Palisade Wall x1 |
| 8:02 | Pirate · wall_segment Palisade Wall x1 |
| 8:03 | Pirate · wall_segment Palisade Wall x1 |
| 8:06 | Pirate · wall_segment Palisade Wall x1 |
| 8:07 | Pirate · wall_segment Palisade Wall x1 |
| 8:10 | Pirate · wall_segment Palisade Wall x1 |
| 8:13 | Pirate · wall_segment Palisade Wall x1 |
| 8:46 | 不想再玩AOE了 · wall_segment Palisade Wall x1 |
| 8:48 | 不想再玩AOE了 · wall_segment Palisade Wall x1 |
| 8:49 | 不想再玩AOE了 · wall_segment Palisade Wall x1 |
| 8:50 | 不想再玩AOE了 · wall_segment Palisade Wall x1 |
| 8:51 | Pirate · wall_segment Palisade Wall x4 |
| 8:57 | Pirate · age_up feudal |
| 8:58 | 不想再玩AOE了 · wall_segment Palisade Wall x1 |
| 9:00 | 不想再玩AOE了 · wall_segment Palisade Wall x1 |
| 9:01 | 不想再玩AOE了 · wall_segment Palisade Wall x1 |
| 9:11 | Pirate · first_building Archery Range |
| 9:25 | 不想再玩AOE了 · wall_segment Palisade Wall x1 |
| 9:33 | 不想再玩AOE了 · wall_segment Palisade Wall x1 |
| 9:34 | 不想再玩AOE了 · wall_segment Palisade Wall x1 |
| 9:37 | 不想再玩AOE了 · wall_segment Palisade Wall x3 |
| 10:31 | 不想再玩AOE了 · age_up feudal |
| 10:42 | Pirate · wall_segment Palisade Wall x1 |
| 10:45 | Pirate · wall_segment Palisade Wall x1 |
| 10:46 | 不想再玩AOE了 · first_building Archery Range |
| 10:47 | Pirate · wall_segment Palisade Wall x1 |
| 11:01 | 不想再玩AOE了 · wall_segment Palisade Wall x1 |
| 13:29 | Pirate · wall_segment Palisade Wall x4 |
| 16:21 | Pirate · wall_segment Palisade Wall x7 |
| 18:09 | Pirate · wall_segment Palisade Wall x18 |
| 18:36 | Pirate · wall_segment Palisade Wall x12 |
| 18:41 | Pirate · wall_segment Palisade Wall x18 |
| 19:17 | 不想再玩AOE了 · wall_segment Palisade Wall x7 |
| 19:27 | 不想再玩AOE了 · wall_segment Palisade Wall x9 |
| 21:43 | 不想再玩AOE了 · age_up castle |
| 23:03 | Pirate · first_building Stable |
| 23:46 | Pirate · age_up castle |
| 25:53 | Pirate · first_market_buy 100 food |
| 27:00 | Pirate · first_building Castle |
| 27:13 | 不想再玩AOE了 · wall_segment Palisade Wall x1 |
| 27:42 | 不想再玩AOE了 · wall_segment Palisade Wall x3 |
| 27:43 | 不想再玩AOE了 · wall_segment Palisade Wall x11 |
| 28:40 | 不想再玩AOE了 · first_building Monastery |
| 29:09 | Pirate · first_market_sell 100 stone |
| 30:28 | Pirate · first_building Siege Workshop |
| 33:50 | 不想再玩AOE了 · first_market_buy 100 stone |
| 33:53 | 不想再玩AOE了 · first_building Castle |
| 35:07 | 不想再玩AOE了 · first_building Stable |
| 35:52 | Pirate · first_building Monastery |
| 38:08 | 不想再玩AOE了 · age_up imperial |
| 40:35 | Pirate · age_up imperial |
| 41:30 | Pirate · resign |
[ AI ANALYSIS · 1 CREDIT ]
What really happened in this match?
Wolo.gg analyzes every decision: build order, eco, micro, common mistakes by bracket. Personalized analysis on WhatsApp or Discord in 30 seconds.
Civ guide
Spanish
Perfil
Jugador #1314256